 Dungeon Crawl Stone Soup version 0.27.1-35-g4d5d836560 (webtiles) character file.

Game seed: 17342686080344940097

107 nightchill the Chopper (level 4, 41/41 HPs)
             Began as a Hill Orc Fighter on Sept 29, 2021.
             Quit the game on level 3 of the Dungeon on Aug 4, 2022.
             The game lasted 00:03:44 (2151 turns).

nightchill the Chopper (Hill Orc Fighter)           Turns: 2151, Time: 00:03:44

Health: 41/41      AC: 10    Str: 19    XL:     4   Next: 86%
Magic:  4/4        EV:  5    Int:  8    God:
Gold:   107        SH:  9    Dex: 10    Spells: 3/3 levels left

rFire    . . .     SeeInvis .   a - +0 war axe
rCold    . . .     Faith    .   c - +0 kite shield
rNeg     . . .     Spirit   +   n - +0 chain mail
rPois    .         Reflect  .   (no helmet)
rElec    .         Harm     .   (no cloak)
rCorr    .         Rampage  .   l - +0 pair of gloves
Will     .....                  (no boots)
Stlth    ..........             i - amulet of guardian spirit
HPRegen  0.13/turn              (no ring)
MPRegen  0.09/turn              (no ring)

@: no status effects
A: no striking features
a: no special abilities


You were on level 3 of the Dungeon.
You visited 1 branch of the dungeon, and saw 3 of its levels.

You collected 107 gold pieces.

Inventory:

Hand Weapons
 a - a +0 war axe (weapon)
Armour
 c - a +0 kite shield (worn)
 l - a +0 pair of gloves (worn)
 n - a +0 chain mail (worn)
Magical Staves
 g - a staff of poison
Jewellery
 i - an amulet of guardian spirit (around neck)
Scrolls
 e - a scroll of holy word {unknown}
 h - 2 scrolls of identify {unknown}
 j - a scroll of immolation {unknown}
 k - 2 scrolls of blinking {unknown}
Potions
 b - a potion of curing {unknown}
 d - a potion of might
 f - a potion of berserk rage {unknown}
 m - a potion of cancellation {unknown}


   Skills:
 + Level 4.7 Fighting
 * Level 5.5 Axes
 - Level 3.2 Armour
 - Level 3.2 Shields


You had 3 spell levels left.
You didn't know any spells.
Your spell library was empty.

Dungeon Overview and Level Annotations

Branches:
Dungeon (3/15)

Altars:


Message History

You block the adder's attack. The adder bites you.
You are poisoned.
The adder poisons you!
You miss the adder.
You feel sick. You block the adder's attack.
The adder bites you but does no damage.
You hit the adder.
The adder is moderately wounded.
You feel sick. You block the adder's attack. The adder bites you.
You are more poisoned.
The adder poisons you!
You are too injured to fight recklessly!
You are too injured to fight recklessly!
You closely miss the adder.
The adder is moderately wounded.
You feel very sick. You block the adder's attack. x2
You hit the adder.
The adder is almost dead.
You feel sick. You block the adder's attack.
The adder bites you but does no damage.
You miss the adder.
The adder is almost dead.
You feel sick. The adder bites you.
* * * LOW HITPOINT WARNING * * *
The adder bites you but does no damage.
You hit the adder.
You kill the adder!
You feel sick.
You feel sick.
You are no longer poisoned.
You start resting.
Magic restored.
You start resting.
HP restored.
Saving game... please wait.
Welcome back, nightchill the Hill Orc Fighter.
Press ? for a list of commands and other information.
Welcome back, nightchill the Hill Orc Fighter.
Press ? for a list of commands and other information.
Are you sure you want to abandon this character and quit the game? (Confirm with "yes".)

## .######.# ...
.#....#.# ..#
.######.# #.# ####.##
###.# #.#.... #.#.#
#.#.###
.######.#.########.#.#
...................#.#
.......@#............#
#######.#.############
#.#.# #?#.# ....#
#.#.# #####


There were no monsters in sight!

Vanquished Creatures
  Terence (D:2)
  2 adders
  A worm (D:2)
  3 dart slugs (D:1)
  2 ball pythons (D:2)
  A bat (D:2)
  7 endoplasms
  A giant cockroach (D:2)
  7 goblins
  7 hobgoblins
  3 quokkas
  3 frilled lizards
  4 kobolds
  12 rats
54 creatures vanquished.

Notes
Turn   | Place    | Note
-------+----------+-------------------------------------------
     0 | D:1      | nightchill the Hill Orc Fighter began the quest for the
                  | Orb.
     0 | D:1      | Reached XP level 1. HP: 19/19 MP: 1/1
     0 | D:1      | Upgraded the game from 0.27.1-2-g3b301248ec to
                  | 0.27.1-33-g824d729ab1
    70 | D:1      | Reached skill level 3 in Axes
   117 | D:1      | Reached XP level 2. HP: 26/27 MP: 2/2
   341 | D:1      | Reached skill level 4 in Axes
   397 | D:1      | Reached XP level 3. HP: 33/33 MP: 3/3
   441 | D:1      | Found a faded altar of an unknown god.
  1390 | D:2      | Reached XP level 4. HP: 28/41 MP: 4/4
  1542 | D:2      | Noticed Terence
  1548 | D:2      | Killed Terence
  1549 | D:2      | Reached skill level 5 in Axes
  2151 | D:3      | Upgraded the game from 0.27.1-33-g824d729ab1 to
                  | 0.27.1-35-g4d5d836560
  2151 | D:3      | Quit the game

Illustrated notes

Levels and vault maps discovered:
D:1:      dpeg_arrival_chambers_temple_mockup, layout_basic,
          shapermc_ecumenical_altar_pompeii, minmay_hexomino_c4
D:2:      layout_rooms, st_stairs_11, uniq_terence
D:3:      layout_basic, serial_aquarium, aquarium_bridge_square
          [aquarium_subvault_wall, aquarium_subvault_bridge,
          aquarium_subvault_bridge, aquarium_subvault_window],
          aquarium_bridge_square [aquarium_subvault_balcony,
          aquarium_subvault_wall, aquarium_subvault_bridge,
          aquarium_subvault_balcony], aquarium_window_fake, aquarium_window_1,
          aquarium_view_2d, aquarium_view_2d, uniq_natasha

Skill      XL: |  1  2  3  4 |
---------------+-------------+-----
Axes           | 3 4 5 |  5.5
Fighting       | 4 |  4.7
Armour         | |  3.2
Shields        | |  3.2

Action                   |  1- 3 |  4- 6 || total
-------------------------+-------+-------++-------
Melee: War axe           |    85 |    39 ||   124
Armor: Scale mail        |    19 |     2 ||    21
       Chain mail        |       |    20 ||    20
Dodge: Dodged            |    20 |     4 ||    24
Block: Kite shield       |    35 |    21 ||    56
